 Seeded DCSS version 0.32-a0-999-gfa1cc04b1d (webtiles) character file.

Game seed: 202404249 (custom seed)

143910 Orlauf the Impaler (level 16, -21/137 HPs)
             Began as a Demonspawn Gladiator on Apr 24, 2024.
             Was a High Priest of Uskayaw.
             Demolished by a thermic dynamo (25 damage)
             ... on level 1 of the Elven Halls.
             The game lasted 00:48:53 (28970 turns).

Orlauf the Impaler (Demonspawn Gladiator)          Turns: 28970, Time: 00:48:54

Health: -21/137    AC: 27    Str: 29    XL:     16   Next: 83%
Magic:  28/28      EV:  4    Int:  9    God:    Uskayaw [*****.]
Gold:   3549       SH: 29    Dex: 14    Spells: 15/15 levels left

rFire   + + +        a - +9 demon trident "Xoeqab" {pain, rF+ rN+ Will+}
rCold   . . .        u - +0 tower shield
rNeg    + . .        d - +2 crystal plate armour
rPois   .            v - +1 helmet of Xuweemm {Str+6 SInv}
rElec   .            f - scarf "Syfih" {shadows, +Blink rF+ Slay+2}
rCorr   .            Y - +0 pair of gloves
SInv    +            (boots unavailable)
Will    ++...        D - amulet of reflection Stlth
                     V - ring of flight
HPRegen 0.42/turn    b - ring of protection from fire
MPRegen 0.42/turn

%: reflection
@: flying, invisible (expiring)
A: hooves 3, large bone plates 3, demonic guardian 2, magic regeneration
a: Renounce Religion, Evoke Blink, Stomp, Line Pass, Grand Finale


You were on level 1 of the Elven Halls.
You worshipped Uskayaw.
Uskayaw was most pleased with you.
You visited 5 branches of the dungeon, and saw 24 of its levels.
You also visited: Bailey and Volcano.

You collected 3699 gold pieces.
You spent 150 gold pieces at shops.

Inventory:

Hand Weapons
 a - the +9 demon trident "Xoeqab" (weapon) {pain, rF+ rN+ Will+}
   (You acquired it on level 14 of the Dungeon)

   rF+:       It protects you from fire.
   rN+:       It protects you from negative energy.
   Will+:     It increases your willpower.
 p - a +1 hand cannon of flaming
 A - the +2 whip of Moral Flaws {freeze, rPois Will+ Str+3 Dex+2}
   (You found it in a bailey)

   Str+3:     It affects your strength (+3).
   Dex+2:     It affects your dexterity (+2).
   rPois:     It protects you from poison.
   Will+:     It increases your willpower.
 T - a +1 trident of freezing
Missiles
 j - 5 curare-tipped darts
 F - 6 silver javelins
Armour
 d - a +2 crystal plate armour (worn)
 f - the scarf "Syfih" (worn) {shadows, +Blink rF+ Slay+2}
   (You found it on level 2 of the Orcish Mines)

   Slay+2:    It affects your accuracy & damage with ranged weapons and melee
   (+2).
   rF+:       It protects you from fire.
   +Blink:    It lets you blink.
 u - a +0 tower shield (worn)
 v - the +1 helmet of Xuweemm (worn) {Str+6 SInv}
   (You acquired it on level 7 of the Dungeon)

   Str+6:     It affects your strength (+6).
   SInv:      It lets you see invisible.
 Y - a +0 pair of gloves (worn)
Jewellery
 b - a ring of protection from fire (right hand)
 m - a +6 ring of dexterity
 w - a ring of protection from cold
 x - a ring of ice
 D - an amulet of reflection (around neck)
 J - an amulet of the acrobat
 V - a ring of flight (left hand)
Wands
 i - a wand of paralysis (8)
 s - a wand of acid (3)
 E - a wand of mindburst (5)
 N - a wand of iceblast (11) (quivered)
 Q - a wand of digging (7)
 S - a wand of flame (13)
Scrolls
 g - 5 scrolls of immolation
 k - 2 scrolls of silence
 l - a scroll of brand weapon
 n - 3 scrolls of enchant weapon
 y - 7 scrolls of fear
 K - 8 scrolls of identify
 L - 4 scrolls of fog
 M - 8 scrolls of teleportation
 O - 2 scrolls of revelation
 X - 3 scrolls of enchant armour
Potions
 c - 2 potions of berserk rage
 e - a potion of brilliance
 h - 5 potions of invisibility
 o - a potion of lignification
 q - 2 potions of haste
 t - 2 potions of might
 z - 2 potions of cancellation
 B - a potion of mutation
 H - 5 potions of curing
 P - a potion of enlightenment
 R - 3 potions of attraction
 U - a potion of magic
 W - 2 potions of resistance
Miscellaneous
 C - a sack of spiders
 G - a phial of floods
 I - a condenser vane


   Skills:
 - Level 15.7 Fighting
 - Level 18.3 Polearms
 - Level 1.7 Throwing
 + Level 11.0 Armour
 - Level 2.6 Dodging
 * Level 10.7 Shields
 * Level 6.5 Necromancy
 + Level 17.0 Invocations


You had 15 spell levels left.
You didn't know any spells.
Your spell library contained the following spells:

 Spells                   Type           Power      Damage    Failure   Level
 Necrotise                Necr           44%        1d6       90%         1
 Vampiric Draining        Necr           11%        2d6       99%         3
 Foxfire                  Conj/Fire      0%         2x1d4     100%        1
 Shock                    Conj/Air       0%         1d3       100%        1
 Summon Small Mammal      Summ           0%         N/A       100%        1
 Lesser Beckoning         Tloc           0%         N/A       100%        2
 Mercury Vapours          Alch/Air       0%         N/A       100%        2
 Scorch                   Fire           0%         2d5       100%        2
 Static Discharge         Conj/Air       0%         3-3/arc   100%        2
 Call Canine Familiar     Summ           0%         N/A       100%        3
 Dazzling Flash           Conj/Hex       0%         N/A       100%        3
 Frozen Ramparts          Ice            0%         1d1       100%        3
 Maxwell's Portable Pile  Tloc           0%         2d(5-13)  100%        3
 Mephitic Cloud           Conj/Alch/Air  0%         N/A       100%        3
 Ozocubu's Armour         Ice            0%         N/A       100%        3
 Summon Ice Beast         Ice/Summ       0%         N/A       100%        3
 Swiftness                Air            0%         N/A       100%        3
 Airstrike                Air            0%         2d(0-16)  100%        4
 Flame Wave               Conj/Fire      0%         2d4       100%        4
 Martyr's Knell           Necr/Summ      5%         N/A       100%        4
 Petrify                  Alch/Erth      0%         N/A       100%        4
 Summon Blazeheart Golem  Fire/Summ      0%         N/A       100%        4
 Summon Lightning Spire   Summ/Air       0%         N/A       100%        4
 Curse of Agony           Necr           11%        N/A       100%        5
 Freezing Cloud           Conj/Ice/Air   0%         6-21      100%        5
 Irradiate                Conj/Alch      0%         3d11      100%        5
 Metabolic Englaciation   Hex/Ice        0%         N/A       100%        5
 Summon Mana Viper        Hex/Summ       0%         N/A       100%        5
 Yara's Violent Unravell  Hex/Alch       0%         3d3       100%        5
 Eringya's Noxious Bog    Alch           0%         4d6       100%        6
 Starburst                Conj/Fire      0%         6d3       100%        6
 Summon Cactus Giant      Summ           0%         N/A       100%        6
 Monstrous Menagerie      Summ           0%         N/A       100%        7
 Orb of Destruction       Conj           0%         9d5       100%        7
 Spellforged Servitor     Conj/Summ      0%         N/A       100%        7
 Fulsome Fusillade        Conj/Alch      0%         (3-5)d4   100%        8


Dungeon Overview and Level Annotations

Branches:
Dungeon (15/15)            Temple (1/1) D:4            Lair (5/5) D:8
 Shoals (0/4) Lair:2       Spider (0/4) Lair:3        Slime (0/5) Lair:4
    Orc (2/2) D:11            Elf (1/3) Orc:2        Vaults (0/5) D:14
 Depths (0/4) D:15         Bailey (visited)         Volcano (visited)

Altars:
Ashenzari
Cheibriados
Dithmenos
Fedhas
Gozag
Hepliaklqana
Kikubaaqudgha
Makhleb
Nemelex Xobeh
Okawaru
Qazlal
Ru
Sif Muna
Trog
Uskayaw
Vehumet
Wu Jian
Xom
Yredelemnul
Beogh
Jiyva

Shops:
D:3 :   D:8 *   Orc:2 [[(!


Innate Abilities, Weirdness & Mutations

You have hooves in place of feet.
You are completely covered in large bone plates. (SH +8)
A demonic guardian rushes to your aid.
You regenerate magic rapidly.


Message History

Press: ? - help, Dir - move target, f - thermic dynamo
Aim: a thermic dynamo (moderately damaged, unaware, unable to see you, sharing its pain, hasn't noticed you, about 33% to evade the +9 demon trident "Xoeqab")
You reach to attack!
You strike the helpless thermic dynamo from behind!
You puncture the thermic dynamo!
The thermic dynamo is heavily damaged.
The thermic dynamo overcharges itself and releases excess heat at the thermic dynamo.
The rebounding bolt of fire hits the thermic dynamo.
The thermic dynamo completely resists.
The rebounding bolt of fire hits you but does no damage.
Reach: a) +9 demon trident "Xoeqab" {pain, rF+ rN+ Will+}
Press: ? - help, Dir - move target, f/p - thermic dynamo
Aim: a thermic dynamo (heavily damaged, unable to see you, sharing its pain, about 33% to evade the +9 demon trident "Xoeqab")
You reach to attack!
You catch the helpless thermic dynamo completely off-guard!
You puncture the thermic dynamo!
The thermic dynamo is severely damaged.
You can now merge with and destroy a victim.
You impale the thermic dynamo!!
You destroy the thermic dynamo!
You closely miss the +0 short sword of freezing.
You kick the +0 short sword of freezing.
The +0 short sword of freezing is moderately damaged.
The +0 short sword of freezing hits you!
* * * LOW HITPOINT WARNING * * *
A demonic guardian appears!
The +0 short sword of freezing freezes you.
* * * LOW HITPOINT WARNING * * *
The +0 short sword of freezing hits you but does no damage.
You miss the thermic dynamo. You kick the thermic dynamo.
The thermic dynamo is lightly damaged.
You flicker for a moment.
The +0 short sword of freezing hits your smoke demon!
The +0 short sword of freezing freezes your smoke demon.
The thermic dynamo revs up and whimsically whirls.
You block the thermic dynamo's attack. The thermic dynamo hits you.
* * * LOW HITPOINT WARNING * * *
The thermic dynamo freezes you!!
You die...
Your body falls in perfect tune with the rhythm.

##. #. #. #. #.
#######+## |# ##
#........# ..##
#....v3#.+ ...+
#..)@(...# (..#
#.#####'## #.v=#
#..# #.°.####.v#
##.###)...#§§v#
#..##.....v### ###
##.###...#.# #..
#.##ß#....#######.#
#.#########........
#.####.####..####.#


You could see a thermic dynamo (unable to see you), a +0 short sword of freezing
(unable to see you, ally target) and a friendly smoke demon (summoned).

Vanquished Creatures
  Jorgrun (Orc:1)
  A sphinx (D:14)
  The ghost of NotBatman the Mimic, a journeyman TrFi of Wu Jian (Orc:2)
  2 deep elf elementalists (Elf:1)
  The ghost of ragingrage the Mimic, a journeyman DgSh (Orc:1)
  An orc warlord (Orc:2)
  3 deep elf death magi (Elf:1)
  An entropy weaver (shapeshifter) (D:14)
  A yaktaur captain (D:14)
  Josephine (D:14)
  4 vault guards (D:14)
  Fannar (Orc:1)
  Harold (D:9)
  6 hydras
  An ice dragon (D:15)
  Erolcha (Orc:2)
  8 centaur warriors
  A catoblepas (D:15)
  5 dancing weapons
  2 two-headed ogres
  5 boulder beetles
  A deep troll earth mage (D:15)
  19 death yaks (Lair:5)
  A deep troll shaman (Lair:5)
  2 tengu warriors
  2 orc high priests
  4 deep elf knights (Elf:1)
  7 skeletal warriors
  3 deep elf archers (Elf:1)
  4 arcanists
  7 thermic dynamos (Elf:1)
  An obsidian bat (Orc:2)
  Pikel (D:6)
  8 orc knights
  12 deep elf zephyrmancers (Elf:1)
  A necromancer (D:14)
  14 deep elf pyromancers
  A glowing shapeshifter (D:12)
  2 oklob plants (Lair:2)
  4 orc sorcerers
  A wolf spider (D:14)
  5 manticores
  6 ugly things
  A meliai (Lair:3)
  6 cyclopes
  2 salamanders (Volcano)
  An ice statue (D:10)
  2 black mambas
  16 elephants
  2 torpor snails
  15 cane toads
  4 molten gargoyles (Volcano)
  A gargoyle (Volcano)
  Maggie (D:8)
  12 komodo dragons
  An unseen horror (D:11)
  2 cane toads (shapeshifter)
  4 yaktaurs (D:15)
  5 rime drakes
  2 kobold demonologists
  2 tengu conjurers
  2 efreet (Volcano)
  6 ice devils (D:10)
  3 trolls
  A hornet (D:9)
  2 polar bears (Lair:5)
  9 blink frogs
  Sigmund (D:4)
  6 slime creatures (D:12)
  A vampire (D:12)
  A wyvern (D:7)
  6 wraiths
  35 yaks
  8 wargs
  7 vampire mosquitoes
  2 steam dragons
  4 fire elementals
  15 humans (D:14)
  A basilisk (D:12)
  5 acid dragons
  Menkaure (D:6)
  8 water moccasins
  An ice beast (D:8)
  5 black bears
  4 laughing skulls
  2 sky beasts
  37 orc warriors
  7 ogres
  10 centaurs
  8 wolves
  4 lemures (D:6)
  2 phantoms
  3 kobold brigands
  10 bullfrogs
  A gnoll sergeant (D:4)
  An earth elemental (Elf:1)
  A bullfrog (shapeshifter) (D:15)
  4 wights (D:10)
  11 howler monkeys
  7 electric eels (Bailey)
  4 bombardier beetles
  A lava snake (D:14)
  3 jellies
  24 orc priests
  3 gnoll boudas
  5 iguanas
  A sleepcap (D:5)
  34 orc wizards
  2 hell rats (Lair:5)
  A boggart simulacrum (D:15)
  30 gnolls
  11 river rats (Lair:5)
  9 adders
  A shadow imp (D:6)
  8 ufetubi
  2 ribbon worms
  A dart slug (D:4)
  134 orcs
  9 endoplasms
  4 giant cockroaches
  15 hobgoblins
  4 jackals
  20 kobolds
  5 quokkas
  10 ball pythons
  8 bats
  4 frilled lizards
  15 goblins
  7 rats
850 creatures vanquished.

Vanquished Creatures (collateral kills)
  Gastronok (Lair:1)
  A frost giant (D:14)
  A catoblepas (Lair:5)
  A two-headed ogre (D:10)
  A tengu warrior (D:13)
  A skeletal warrior (D:13)
  An orc knight (Orc:2)
  3 ugly things (D:15)
  5 elephants
  A molten gargoyle (Volcano)
  A komodo dragon (D:12)
  2 blink frogs (Lair:5)
  3 orc warriors
  A killer bee (Lair:3)
  3 orc priests
  2 orc wizards
  A gnoll (Bailey)
  4 orcs
33 creatures vanquished.

Vanquished Creatures (others)
  An arcanist (D:14)
  An orc wizard (Orc:2)
  2 orcs
4 creatures vanquished.

Grand Total: 887 creatures vanquished

Notes
Turn   | Place    | Note
-------+----------+-------------------------------------------
     0 | D:1      | Orlauf the Demonspawn Gladiator began the quest for the
                  | Orb.
     0 | D:1      | Reached XP level 1. HP: 16/16 MP: 1/1
    44 | D:1      | Reached skill level 3 in Polearms
    54 | D:1      | Gained mutation: You are partially covered in large bone
                  | plates. (SH +4) [demonic ancestry]
    54 | D:1      | Reached XP level 2. HP: 22/22 MP: 2/2
   502 | D:1      | Gained mutation: A weak demonic guardian rushes to your
                  | aid. [demonic ancestry]
   502 | D:1      | Reached XP level 3. HP: 20/28 MP: 3/3
   843 | D:2      | Reached skill level 1 in Shields
   909 | D:2      | Reached XP level 4. HP: 34/34 MP: 4/4
  1488 | D:3      | Reached skill level 4 in Polearms
  1588 | D:3      | Found a hazy altar of Hepliaklqana.
  1900 | D:3      | Found Laegeghi's Book Boutique.
  1994 | D:3      | Gained mutation: You have large cloven feet. [demonic
                  | ancestry]
  1994 | D:3      | Reached XP level 5. HP: 41/41 MP: 5/5
  2373 | D:4      | Found a snail-covered altar of Cheibriados.
  2412 | D:4      | Noticed Sigmund
  2433 | D:4      | Killed Sigmund
  2434 | D:4      | Reached skill level 5 in Polearms
  2434 | D:4      | Reached XP level 6. HP: 33/48 MP: 6/6
  2769 | D:4      | Found a staircase to the Ecumenical Temple.
  2777 | Temple   | Entered the Ecumenical Temple
  2804 | Temple   | Became a worshipper of Uskayaw the Reveller
  2983 | D:4      | Reached * piety under Uskayaw
  2986 | D:4      | Reached ** piety under Uskayaw
  2989 | D:4      | Reached *** piety under Uskayaw
  2992 | D:4      | Reached skill level 1 in Invocations
  2992 | D:4      | Gained mutation: You have hoof-like feet. [demonic
                  | ancestry]
  2992 | D:4      | Reached XP level 7. HP: 34/54 MP: 7/7
  2992 | D:4      | Reached **** piety under Uskayaw
  3281 | D:5      | Entered Level 5 of the Dungeon
  3346 | D:5      | Reached ***** piety under Uskayaw
  3673 | D:5      | Reached skill level 6 in Polearms
  4428 | D:6      | Reached XP level 8. HP: 61/61 MP: 10/10
  4450 | D:6      | Reached skill level 5 in Fighting
  4512 | D:6      | Noticed Pikel
  4905 | D:6      | Reached skill level 7 in Polearms
  5478 | D:6      | Noticed Menkaure
  5486 | D:6      | Killed Menkaure
  5514 | D:6      | Killed Pikel
  5515 | D:6      | Reached skill level 5 in Invocations
  5515 | D:6      | Reached XP level 9. HP: 15/69 MP: 11/13
  5908 | D:7      | Reached skill level 8 in Polearms
  6034 | D:7      | Reached skill level 5 in Shields
  6063 | D:7      | Found a flagged portal.
  6069 | Bailey   | Entered a bailey
  6094 | Bailey   | Noticed an orc knight
  6121 | Bailey   | Killed an orc knight
  6230 | Bailey   | Noticed an orc knight
  6251 | Bailey   | Killed an orc knight
  6480 | Bailey   | Reached skill level 9 in Polearms
  6731 | Bailey   | Noticed an orc knight
  6763 | Bailey   | Killed an orc knight
  6764 | Bailey   | Gained mutation: A demonic guardian rushes to your aid.
                  | [demonic ancestry]
  6764 | Bailey   | Reached XP level 10. HP: 5/79 MP: 15/15
  7137 | Bailey   | Found an iron altar of Okawaru.
  7137 | Bailey   | Noticed an orc sorcerer
  7150 | Bailey   | Noticed a smoke demon
  7154 | Bailey   | Killed an orc sorcerer
  7164 | Bailey   | Noticed an orc knight
  7287 | Bailey   | Killed an orc knight
  7355 | Bailey   | Identified the +2 whip of Moral Flaws {freeze, rPois Will+
                  | Str+3 Dex+2}
  7810 | Bailey   | Acquired 880 gold pieces
  7816 | Bailey   | Acquired a manual of Fighting
  7987 | D:7      | Reached skill level 10 in Polearms
  8201 | D:7      | Found a shimmering altar of Xom.
  8541 | D:7      | Reached skill level 1 in Armour
  8572 | D:7      | Reached ****** piety under Uskayaw
  9231 | D:7      | Acquired the +1 helmet of Xuweemm {Str+6 SInv}
  9529 | D:8      | Gained mutation: You have hooves in place of feet. [demonic
                  | ancestry]
  9529 | D:8      | Reached XP level 11. HP: 78/87 MP: 17/17
  9588 | D:8      | Found a staircase to the Lair.
  9632 | D:8      | Noticed Maggie
  9643 | D:8      | Killed Maggie
  9759 | D:8      | Found an opulent altar of Gozag.
  9937 | D:8      | Found Masoko Vaxe's Elemental Accessories.
  9962 | D:8      | Identified the +1 scale mail of Elyvilon's Favour {rPois
                  | rC+}
 10270 | D:9      | Found Zuneyt's Antique Armour Shop.
 10330 | D:9      | Noticed Harold
 10339 | D:9      | Killed Harold
 10340 | D:9      | Reached skill level 11 in Polearms
 10856 | D:10     | Entered Level 10 of the Dungeon
 10982 | D:10     | Noticed a two-headed ogre
 10990 | D:10     | Killed a two-headed ogre
 11200 | D:10     | Noticed a boulder beetle
 11212 | D:10     | Killed a boulder beetle
 11213 | D:10     | Reached skill level 10 in Fighting
 11213 | D:10     | Reached skill level 10 in Invocations
 11459 | D:10     | Noticed a deep elf pyromancer
 11467 | D:10     | Killed a deep elf pyromancer
 11510 | D:10     | Got Veipefas's Thoughts on the Vector
 12053 | D:11     | Found a staircase to the Orcish Mines.
 12302 | D:11     | Reached skill level 12 in Polearms
 12455 | D:11     | Noticed a two-headed ogre
 12462 | D:11     | Killed a two-headed ogre
 12463 | D:11     | Reached XP level 12. HP: 97/99 MP: 18/20
 13074 | D:12     | Reached skill level 5 in Armour
 13576 | D:12     | Noticed a tengu warrior
 13585 | D:12     | Killed a tengu warrior
 13958 | D:13     | Noticed a tengu warrior
 13972 | D:13     | Killed a tengu warrior
 13973 | D:13     | Reached skill level 13 in Polearms
 14058 | D:13     | Noticed a two-headed ogre
 14062 | D:13     | Killed a two-headed ogre
 14187 | D:13     | Noticed a tengu warrior
 14195 | D:13     | Killed a tengu warrior
 14384 | D:13     | Gained mutation: You regenerate magic rapidly. [demonic
                  | ancestry]
 14384 | D:13     | Reached XP level 13. HP: 12/109 MP: 22/22
 15292 | Lair:1   | Entered Level 1 of the Lair of Beasts
 15294 | Lair:1   | Noticed Gastronok
 15316 | Lair:1   | Killed Gastronok
 16462 | Lair:2   | Found a blossoming altar of Fedhas.
 16480 | Lair:2   | Reached skill level 14 in Polearms
 16760 | Lair:2   | Found a staircase to the Shoals.
 17652 | Lair:3   | Found a hole to the Spider Nest.
 18145 | Lair:4   | Acquired a manual of Polearms
 18510 | Lair:4   | Found a staircase to the Slime Pits.
 18518 | Lair:4   | Found a snail-covered altar of Cheibriados.
 18545 | Lair:4   | Found a viscous altar of Jiyva.
 18737 | Lair:4   | Reached skill level 15 in Polearms
 18816 | Lair:4   | Reached XP level 14. HP: 105/120 MP: 24/24
 19151 | Lair:5   | Entered Level 5 of the Lair of Beasts
 19518 | Lair:5   | Reached skill level 16 in Polearms
 20295 | Lair:5   | Reached skill level 17 in Polearms
 20876 | Lair:5   | Reached skill level 15 in Invocations
 21215 | Lair:5   | Got the Anthology of Prime Oxidation
 21428 | Orc:1    | Entered Level 1 of the Orcish Mines
 21431 | Orc:1    | Found a dark tunnel.
 21439 | Volcano  | Entered a volcano
 21544 | Volcano  | Reached skill level 15 in Fighting
 21544 | Volcano  | Gained mutation: You are mostly covered in large bone
                  | plates. (SH +6) [demonic ancestry]
 21544 | Volcano  | Reached XP level 15. HP: 119/129 MP: 26/26
 21642 | Volcano  | Noticed an orb of fire
 21669 | Volcano  | Noticed an orb of fire
 22379 | Orc:1    | Found a runed translucent door.
 22380 | Orc:1    | Found a shimmering altar of Xom.
 22380 | Orc:1    | Noticed ragingrage's ghost (journeyman DgSh)
 22487 | Orc:1    | Killed ragingrage's ghost
 22541 | Orc:2    | Entered Level 2 of the Orcish Mines
 22781 | Orc:2    | Noticed Erolcha
 22800 | Orc:2    | Killed Erolcha
 23239 | Orc:2    | Found a roughly hewn altar of Beogh.
 23321 | Orc:2    | Noticed NotBatman's ghost (journeyman TrFi)
 23324 | Orc:2    | Found a runed translucent gate.
 23453 | Orc:2    | Found a runed translucent gate.
 23616 | Orc:2    | Found a staircase to the Elven Halls.
 23743 | Orc:2    | Found a roughly hewn altar of Beogh.
 23833 | Orc:2    | Found a runed translucent gate.
 23867 | Orc:2    | Found a roughly hewn altar of Beogh.
 23971 | Orc:2    | Found Kuskery's Distillery.
 23977 | Orc:2    | Bought a potion of heal wounds for 75 gold pieces
 23977 | Orc:2    | Bought a potion of heal wounds for 75 gold pieces
 24089 | Orc:2    | Reached skill level 18 in Polearms
 24308 | Orc:2    | Found Remou's Antique Armour Shoppe.
 24309 | Orc:2    | Found Dyodas's Antique Weapon Emporium.
 24309 | Orc:2    | Found a roughly hewn altar of Beogh.
 24354 | Orc:2    | Found a roughly hewn altar of Beogh.
 24380 | Orc:2    | Found Niudag's Antique Armour Emporium.
 24657 | Orc:2    | Killed NotBatman's ghost
 24675 | Orc:2    | Identified the scarf "Syfih" {shadows, +Blink rF+ Slay+2}
 24777 | Orc:1    | Noticed Jorgrun
 24780 | Orc:1    | Noticed Fannar
 24790 | Orc:1    | Killed Jorgrun
 24798 | Orc:1    | Killed Fannar
 25534 | D:14     | Noticed Josephine
 25538 | D:14     | Killed Josephine
 25539 | D:14     | Reached skill level 10 in Armour
 25770 | D:14     | Noticed a sphinx
 25773 | D:14     | Noticed a frost giant
 25776 | D:14     | Killed a frost giant
 25778 | D:14     | Killed a sphinx
 26542 | D:14     | Gained mutation: You are completely covered in large bone
                  | plates. (SH +8) [demonic ancestry]
 26542 | D:14     | Reached XP level 16. HP: 137/137 MP: 28/28
 26561 | D:14     | Found a gate to the Vaults.
 26981 | D:14     | Found a hazy altar of Hepliaklqana.
 26999 | D:14     | Acquired the +9 demon trident "Xoeqab" {pain, rF+ rN+
                  | Will+}
 27032 | D:15     | Entered Level 15 of the Dungeon
 27048 | D:15     | Reached skill level 1 in Necromancy
 27344 | D:15     | Found a staircase to the Depths.
 27784 | D:15     | Found a blossoming altar of Fedhas.
 28033 | Elf:1    | Entered Level 1 of the Elven Halls
 28320 | Elf:1    | Reached skill level 10 in Shields
 28338 | Elf:1    | Reached skill level 5 in Necromancy
 28969 | Elf:1    | HP: 4/137 [+0 short sword of freezing (4)]
 28970 | Elf:1    | Demolished by a thermic dynamo

Illustrated notes

Levels and vault maps discovered:
D:1:      dpeg_arrival_tiny_a, layout_rooms, st_stairs_3, minmay_octomino_c4
D:2:      layout_loops_ring, minmay_crystal_room
D:3:      layout_loops_cross, general_overflow_altar, serial_shops, shop,
          nicolae_concentric_dashed_squares_mild
D:4:      layout_gridville, slow_altar_1, minmay_temple_entry_arrows,
          minivault_11, lightli_minifort, uniq_sigmund
D:5:      layout_basic
D:6:      layout_loops_ring, minmay_misc_feat_tiny, uniq_menkaure, uniq_pikel
D:7:      minmay_razor_zed, layout_layer_cave, xom_teletrap_fun, enter_bailey_2
D:8:      layout_rooms, mainiacjoe_overflow_six_doors_small, lair_entry_dummy,
          nicolae_elemental_shop, uniq_maggie
D:9:      layout_roguey, kennysheep_little_box, serial_shops,
          nicolae_diamond_shop, minmay_statues_item, hangedman_decor_push,
          uniq_harold
D:10:     cheibrodos_frozen_isle, layout_basic, minmay_librarian
D:11:     layout_loops_ring, david_orc_3
D:12:     layout_roguey, minmay_three_doors
D:13:     layout_loops_ring, minmay_misc_feat_tower, minmay_circle_x
D:14:     kennysheep_large_spiral, layout_loops_ring, grunt_vaults_entry_tiered,
          nicolae_tricolors, worldfamousw_hep_ancestral_shrine, uniq_josephine
D:15:     hellmonk_depths_entry_around_the_bend, layout_irregular_city,
          fedhas_altar_fruit_tree
Temple:   bh_familiar_temple
Lair:1:   layout_cave_shapes, chequers_serial_rivers_micro_e, uniq_gastronok
Lair:2:   layout_long_grid, shoals_dummy_entry, hangedman_tree_tricks
Lair:3:   layout_roguey, hellmonk_spider_entry_not_the_bees
Lair:4:   layout_gridlike, slime_entry_1, basic_altar,
          infiniplex_staircase_pool_2, serial_bayou_shore_a, grunt_megastairs_3
Lair:5:   grunt_lair_end_beastmaster, layout_loops_ring,
          chequers_serial_rivers_room_a, kennysheep_rathole
Orc:1:    cheibrodos_orc_bank, layout_diamond_mine, ebering_ghost_xom,
          nicolae_volcano_entry_lava_flow, uniq_fannar, uniq_jorgrun
Orc:2:    grunt_orc_community_town_hall, layout_caves,
          grunt_orc_community_big_house_2, grunt_orc_community_big_house_2,
          grunt_orc_community_house_1, grunt_orc_community_house_3,
          grunt_orc_community_house_3, grunt_orc_community_house_1,
          gammafunk_ghost_split, mines4_lemuel, uniq_erolcha
Elf:1:    eino_elf_arrival_customs, layout_loops_cross,
          regret_index_elf_centigrade, guppyfry_library_mini

Skill      XL: |  1  2  3  4  5  6  7  8  9 10 11 12 13 14 15 16 |
---------------+-------------------------------------------------+-----
Polearms       | 3 4 5 6 7 9 10 12 13 15 17 18 | 18.3
Shields        | 1 2 3 4 5 6 8 10 | 10.7
Fighting       | 3 4 6 7 8 10 12 14 15 | 15.7
Invocations    | 1 3 5 7 8 10 12 13 15 16 17 | 17.0
Armour         | 2 4 6 7 9 10 11 | 11.0
Necromancy     | 6 |  6.5
Throwing       | |  1.7
Dodging        | |  2.6

Action                     |  1- 3 |  4- 6 |  7- 9 | 10-12 | 13-15 | 16-18 || total
---------------------------+-------+-------+-------+-------+-------+-------++-------
  Melee: Trident           |   112 |   150 |   357 |   859 |  1453 |    26 ||  2957
         Kick              |       |       |       |   163 |   525 |    81 ||   769
         Demon trident     |       |       |       |       |       |   210 ||   210
  Throw: Throwing net      |       |     3 |     3 |     1 |     1 |       ||     8
         Dart              |       |       |       |     4 |       |       ||     4
         Javelin           |       |       |       |    12 |       |       ||    12
 Invoke: Grand Finale      |       |       |       |       |     2 |     2 ||     4
  Evoke: Wand              |       |       |    27 |    25 |     7 |     3 ||    62
    Use: Scroll            |     2 |     6 |     3 |    13 |     5 |     5 ||    34
         Potion            |       |     2 |     2 |     3 |     5 |     4 ||    16
   Stab: Paralysed         |       |     2 |    34 |    67 |   153 |    21 ||   277
         Held in net/web   |       |       |     2 |       |     1 |       ||     3
         Invisible         |       |       |       |     5 |       |     3 ||     8
         Distracted        |       |       |       |     2 |     1 |     1 ||     4
 Armour: Leather armour    |    45 |    23 |       |       |       |       ||    68
         Chain mail        |       |    31 |   204 |    14 |     2 |       ||   251
         Skin              |       |       |    10 |       |       |       ||    10
         Crystal plate arm |       |       |       |   267 |   487 |    93 ||   847
  Dodge: Dodged            |    49 |    40 |    59 |    53 |   109 |     7 ||   317
  Block: Buckler           |    33 |    23 |    91 |   254 |   416 |       ||   817
         Reflection        |       |       |       |     8 |    49 |    43 ||   100
         Tower shield      |       |       |       |       |   196 |   192 ||   388

Table legend: (Time is in decaauts)
 A = Elapsed time spent in this place.
 B = Non-inter-level travel time spent in this place.
 C = Inter-level travel time spent in this place.
 D = Time resting spent in this place.
 E = Time spent auto-exploring this place.
 F = Levels seen in this place.
 G = Mean time per level.
                   A        B        C        D        E       F      G
               +--------+--------+--------+--------+--------+-----+--------+
         Total |  28243 |  27040 |   1203 |   3077 |  18700 |  26 | 1086.3 |
       Dungeon |  16049 |  15300 |    749 |    872 |  11527 |  15 | 1069.9 |
        Temple |     53 |      2 |     51 |      0 |      0 |   1 |   53.0 |
          Lair |   5794 |   5600 |    194 |    461 |   4315 |   5 | 1158.8 |
  Orcish Mines |   3092 |   2886 |    206 |    522 |   1732 |   2 | 1546.0 |
   Elven Halls |    902 |    902 |      0 |    271 |    374 |   1 |  902.0 |
        Bailey |   1752 |   1752 |      0 |    942 |    330 |   1 | 1752.0 |
       Volcano |    599 |    599 |      0 |      8 |    421 |   1 |  599.0 |
               +--------+--------+--------+--------+--------+-----+--------+

Top non-repeatable levels by time:
   Orc:2: 2169 daAuts
  Lair:5: 1973 daAuts
  Bailey: 1752 daAuts
    D:14: 1719 daAuts
     D:7: 1621 daAuts
     D:6: 1496 daAuts
    D:13: 1189 daAuts
    D:10: 1170 daAuts
    D:12: 1127 daAuts
     D:5: 1077 daAuts
  Lair:2: 1077 daAuts
  Lair:4: 1009 daAuts
     D:4: 985 daAuts
  Lair:3: 974 daAuts
   Orc:1: 923 daAuts
